 Dungeon Crawl Stone Soup version 0.30-a0-634-g8abc85282e (webtiles) character file.

Game seed: 15918355655798944376

9271 Mitcholas the Cleaver (level 11, -10/64 HPs)
             Began as a Gargoyle Fighter on Jan 14, 2023.
             Was a High Priest of Okawaru.
             Mangled by an eight-headed hydra (12 damage)
             ... on level 10 of the Dungeon.
             The game lasted 00:36:37 (11954 turns).

Mitcholas the Cleaver (Gargoyle Fighter)           Turns: 11954, Time: 00:36:37

Health: -10/64     AC: 22    Str: 31    XL:     11   Next: 43%
Magic:  14/14      EV: 11    Int: 14    God:    Okawaru [*****.]
Gold:   560        SH:  4    Dex:  9    Spells: 10/10 levels left

rFire   + . .      SeeInvis .    T - +0 flail
rCold   + . .      Faith    +    c - +0 buckler
rNeg    + . .      Spirit   .    i - +5 ring mail of a sewer {rF+ rC+ Int+6}
rPois   ∞          Reflect  .    (no helmet)
rElec   +          Harm     .    (no cloak)
rCorr   .          Rampage  .    m - +0 pair of gloves
Will    .....                    b - +1 pair of boots Stlth
                                 q - amulet of faith
HPRegen 0.30/turn                f - +6 ring of strength
MPRegen 0.14/turn                (no ring)

@: flying
A: sickness immunity, AC +8, negative energy resistance 1, electricity
resistance, torment resistance 1, petrification resistance
a: Renounce Religion, Heroism, Finesse, Duel


You were on level 10 of the Dungeon.
You worshipped Okawaru.
Okawaru was extremely pleased with you.
You visited 2 branches of the dungeon, and saw 11 of its levels.
You also visited: Bailey.

You collected 560 gold pieces.

Inventory:

Hand Weapons
 r - a +0 broad axe
 L - a +5 heavy broad axe
 T - a +0 flail (weapon)
Missiles
 a - 14 poisoned darts
 H - a throwing net (quivered)
 S - a curare-tipped dart
Armour
 b - a +1 pair of boots (worn)
 c - a +0 buckler (worn)
 i - the +5 ring mail of a sewer (worn) {rF+ rC+ Int+6}
   (You found it on level 2 of the Dungeon)

   Int:       It affects your intelligence (+6).
   rF:        It protects you from fire.
   rC:        It protects you from cold.
 m - a +0 pair of gloves (worn)
 J - the +3 plate armour of the Catfish {Rampage Dex+2}
   (You found it in a bailey)

   Dex:       It affects your dexterity (+2).
   Rampage:   It bestows one free step when moving towards enemies.
 K - a +0 helmet
Jewellery
 f - a +6 ring of strength (left hand)
 q - an amulet of faith (around neck)
 D - an amulet of reflection
 R - a +4 ring of protection
Wands
 u - a wand of digging (6)
 y - a wand of flame (3)
 B - a wand of acid (4)
 C - a wand of roots (2)
Scrolls
 e - a scroll of noise
 h - a scroll of acquirement
 j - a scroll of torment
 l - 4 scrolls of teleportation {unknown}
 n - a scroll of silence
 t - 6 scrolls of amnesia {unknown}
 z - 2 scrolls of poison {unknown}
 E - 2 scrolls of blinking {unknown}
 F - 4 scrolls of enchant armour {unknown}
 I - a scroll of immolation
 P - a scroll of magic mapping
 Q - a scroll of fog {unknown}
Potions
 d - a potion of might
 g - 3 potions of mutation
 o - 3 potions of flight
 p - a potion of heal wounds {unknown}
 s - 2 potions of attraction
 v - 2 potions of brilliance
 w - 2 potions of berserk rage {unknown}
 x - 3 potions of magic {unknown}
 A - 2 potions of ambrosia {unknown}
 G - 2 potions of degeneration {unknown}
 M - a potion of experience
 N - a potion of cancellation {unknown}
Miscellaneous
 O - a condenser vane (inert)


   Skills:
 + Level 6.1 Fighting
 * Level 10.1(11.4) Axes
 - Level 9.0(11.4) Maces & Flails
 + Level 6.1 Armour
 + Level 2.3 Dodging
 - Level 5.0 Shields
 + Level 4.8 Invocations
 + Level 4.1 Evocations


You had 10 spell levels left.
You didn't know any spells.
Your spell library contained the following spells:

 Spells                   Type           Power      Damage    Failure   Level
 Apportation              Tloc           0%         N/A       45%         1
 Necrotise                Necr           0%         1d4       45%         1
 Slow                     Hex            0%         N/A       45%         1
 Blink                    Tloc           0%         N/A       58%         2
 Poisonous Vapours        Pois/Air       0%         N/A       58%         2
 Confusing Touch          Hex            0%         N/A       83%         3
 Frozen Ramparts          Ice            0%         1d1       83%         3
 Mephitic Cloud           Conj/Pois/Air  0%         N/A       83%         3
 Portal Projectile        Hex/Tloc       0%         N/A       83%         3
 Vampiric Draining        Necr           0%         2d6       83%         3
 Ice Form                 Ice/Tmut       0%         N/A       99%         4
 Leda's Liquefaction      Hex/Erth       0%         N/A       99%         4
 Manifold Assault         Tloc           0%         N/A       99%         4
 Conjure Ball Lightning   Conj/Air       0%         3x3d6     100%        6
 Dispersal                Tloc           0%         N/A       100%        6
 Storm Form               Tmut/Air       0%         N/A       100%        7
 Discord                  Hex            0%         N/A       100%        8
 Disjunction              Tloc           0%         N/A       100%        8
 Summon Small Mammal      Summ           Unusable   N/A       N/A         1
 Cigotuvi's Dreadful Rot  Necr/Pois/Air  Unusable   N/A       N/A         2
 Call Canine Familiar     Summ           Unusable   N/A       N/A         3
 Summon Ice Beast         Ice/Summ       Unusable   N/A       N/A         4

Dungeon Overview and Level Annotations

Branches:
Dungeon (10/15)            Temple (1/1) D:5            Lair (0/5) D:9
    Orc (0/2) D:9          Bailey (visited)

Altars:
Ashenzari
Cheibriados
Dithmenos
Elyvilon
Fedhas
Gozag
Hepliaklqana
Kikubaaqudgha
Makhleb
Nemelex Xobeh
Okawaru
Qazlal
Ru
Sif Muna
Trog
Uskayaw
Vehumet
Wu Jian
Xom
Yredelemnul
Zin
The Shining One

Shops:
D:1 (   D:2 :   D:3 *   D:5 [[[:   D:9 [

Annotations:
D:3 3 runed translucent doors, bmack86's ghost, amateur MiFi


Innate Abilities, Weirdness & Mutations

You are immune to sickness and miasma.
Your stone body is resilient. (AC +8)
You are immune to poison.
You resist negative energy. (rN+)
You are resistant to electric shocks. (rElec)
You are resistant to unholy torment.
You are immune to petrification.


Message History

The eight-headed hydra barely misses you.
You sock the eight-headed hydra!
The eight-headed hydra is moderately wounded.
The eight-headed hydra closely misses you.
The eight-headed hydra bites you but does no damage.
You block the eight-headed hydra's attack.
The eight-headed hydra bites you.
The eight-headed hydra bites you but does no damage.
The eight-headed hydra bites you. x2; The eight-headed hydra bites you!
You barely miss the eight-headed hydra.
The eight-headed hydra is moderately wounded.
You sock the eight-headed hydra!
The eight-headed hydra is heavily wounded.
The eight-headed hydra bites you but does no damage.
The eight-headed hydra bites you!
The eight-headed hydra barely misses you.
The eight-headed hydra bites you but does no damage.
The eight-headed hydra closely misses you.
The eight-headed hydra bites you but does no damage.
The eight-headed hydra bites you!
* * * LOW HITPOINT WARNING * * *
You block the eight-headed hydra's attack.
You feel better.
The eight-headed hydra is no longer covered in acid.
The eight-headed hydra bites you.
* * * LOW HITPOINT WARNING * * *
The eight-headed hydra misses you.
The eight-headed hydra bites you but does no damage. x3
The eight-headed hydra bites you.
* * * LOW HITPOINT WARNING * * *
The eight-headed hydra bites you but does no damage.
The eight-headed hydra bites you!
* * * LOW HITPOINT WARNING * * *
It was a potion of flight.
You feel very buoyant.
You fly up into the air.
The eight-headed hydra bites you.
* * * LOW HITPOINT WARNING * * *
The eight-headed hydra bites you but does no damage.
The eight-headed hydra bites you!
You die...

.........................#
......##.......#........##
....######...###.....####
###.## ###### ##.#..#
#....####.#########.##
#.....#......#.......###
.......................####
..........#...............#
..........##..#D@.....#...####
...........#.§§☼.....###.#.#.##
...........#.§§§#....#........#
...............##..#......)...#
...............#####.#.....#.##
..................####.....###
...............#.........###
...............##..##....#
###.............##..#....#


You could see an eight-headed hydra.

Vanquished Creatures
  Pikel (D:8)
  2 orc sorcerers (Bailey)
  A komodo dragon (D:9)
  A wraith (D:9)
  A shadow (D:10)
  A wyvern (D:9)
  19 yaks
  Eustachio (D:6)
  A steam dragon (D:7)
  Duvessa (D:7)
  An acid dragon (D:8)
  An ice beast (D:7)
  12 orc warriors
  A black bear (D:6)
  2 sky beasts
  3 ogres
  3 centaurs
  2 phantoms (D:7)
  2 kobold brigands
  4 bullfrogs
  3 necrophages
  2 scorpions
  Dowan (D:7)
  4 killer bees (D:9)
  5 electric eels (Bailey)
  6 howler monkeys
  A hound (D:5)
  An orc priest (D:9)
  A gnoll bouda (D:7)
  4 iguanas
  6 orc wizards
  18 gnolls
  4 adders
  A shadow imp (D:7)
  A white imp (D:5)
  An ufetubus (D:6)
  A worm (D:2)
  2 dart slugs
  22 orcs
  7 bats
  5 endoplasms
  4 giant cockroaches
  12 hobgoblins
  21 jackals
  2 quokkas
  4 ball pythons
  2 frilled lizards (D:1)
  15 goblins
  24 kobolds
  6 rats
246 creatures vanquished.

Vanquished Creatures (others)
  38 plants
38 creatures vanquished.

Grand Total: 284 creatures vanquished

Notes
Turn   | Place    | Note
-------+----------+-------------------------------------------
     0 | D:1      | Mitcholas the Gargoyle Fighter began the quest for the Orb.
     0 | D:1      | Reached XP level 1. HP: 14/14 MP: 1/1
   181 | D:1      | Reached XP level 2. HP: 19/19 MP: 2/2
   598 | D:1      | Found Mypuex's Weapon Shop.
   639 | D:1      | Reached XP level 3. HP: 23/23 MP: 3/3
   942 | D:2      | Found Xiqegiad's Book Boutique.
  1157 | D:2      | Reached XP level 4. HP: 25/28 MP: 4/4
  1198 | D:2      | Identified the +5 ring mail of a sewer {rF+ rC+ Int+6}
  1574 | D:2      | Noticed a necrophage
  1582 | D:2      | Killed a necrophage
  1583 | D:2      | Reached skill level 5 in Maces & Flails
  1583 | D:2      | Reached XP level 5. HP: 32/32 MP: 5/5
  1866 | D:3      | Noticed bmack86's ghost (amateur MiFi)
  1866 | D:3      | Found a runed translucent gate.
  1866 | D:3      | Found a runed translucent gate.
  1866 | D:3      | Found a runed translucent gate.
  2306 | D:3      | Found Qiocziroi's General Store.
  2687 | D:4      | Reached XP level 6. HP: 31/37 MP: 6/6
  2851 | D:4      | Reached skill level 1 in Axes
  3515 | D:5      | Entered Level 5 of the Dungeon
  3538 | D:5      | Reached skill level 2 in Axes
  3655 | D:5      | Found a hazy altar of Hepliaklqana.
  3671 | D:5      | Found an ancient bone altar of Kikubaaqudgha.
  3737 | D:5      | Reached XP level 7. HP: 41/41 MP: 7/7
  3771 | D:5      | Reached skill level 3 in Axes
  4169 | D:5      | Found a staircase to the Ecumenical Temple.
  4176 | Temple   | Entered the Ecumenical Temple
  4522 | Temple   | Became a worshipper of Warmaster Okawaru
  4585 | D:5      | Found Fefriupn's Book Boutique.
  4590 | D:5      | Found Hudoes's Armour Boutique.
  4591 | D:5      | Found Cyomp's Armour Boutique.
  4592 | D:5      | Found Epinoumm's Armour Boutique.
  5001 | D:6      | Noticed Eustachio
  5021 | D:6      | Reached skill level 4 in Axes
  5037 | D:6      | Killed Eustachio
  5037 | D:6      | Reached * piety under Okawaru
  5038 | D:6      | Reached XP level 8. HP: 40/46 MP: 8/8
  5118 | D:6      | Reached skill level 5 in Axes
  5696 | D:6      | Reached skill level 6 in Axes
  5752 | D:7      | Noticed Duvessa
  5779 | D:7      | Killed Duvessa
  5779 | D:7      | Reached ** piety under Okawaru
  5779 | D:7      | Noticed Dowan
  6230 | D:7      | Reached XP level 9. HP: 45/51 MP: 9/9
  6286 | D:7      | Reached skill level 7 in Axes
  6796 | D:7      | Killed Dowan
  7240 | D:7      | Reached *** piety under Okawaru
  7567 | D:8      | Reached skill level 8 in Axes
  7688 | D:8      | Reached skill level 1 in Invocations
  7967 | D:8      | Reached skill level 1 in Evocations
  7992 | D:8      | Noticed Pikel
  8004 | D:8      | Killed Pikel
  8004 | D:8      | Reached **** piety under Okawaru
  8005 | D:8      | Reached XP level 10. HP: 56/56 MP: 9/11
  8005 | D:8      | Reached ***** piety under Okawaru
  8121 | D:8      | Identified the +4 quick blade of Okawaru {venom, rPois
                  | Str+2 Int+3 SInv} (Okawaru gifted it to you on level 8 of
                  | the Dungeon)
  8121 | D:8      | Received a gift from Okawaru
  8455 | D:9      | Found a staircase to the Lair.
  8557 | D:9      | Found a staircase to the Orcish Mines.
  8609 | D:9      | Reached skill level 9 in Axes
  9067 | D:9      | Found Cheibriados's Comfort Zone.
  9069 | D:9      | Found a snail-covered altar of Cheibriados.
  9205 | D:9      | Reached skill level 5 in Fighting
  9205 | D:9      | Reached skill level 5 in Armour
  9494 | D:9      | Reached skill level 5 in Shields
 10025 | D:10     | Entered Level 10 of the Dungeon
 10095 | D:10     | Reached skill level 1 in Dodging
 10095 | D:10     | Received a gift from Okawaru
 10114 | D:10     | Reached XP level 11. HP: 17/64 MP: 14/14
 10128 | D:9      | Received a gift from Okawaru
 10143 | D:9      | HP: 3/64 [orc warrior/+0 hand axe (4)]
 10349 | D:10     | Found a flagged portal.
 10368 | Bailey   | Entered a bailey
 10837 | Bailey   | Reached skill level 10 in Axes
 11115 | Bailey   | Found an iron altar of Okawaru.
 11115 | Bailey   | Noticed an orc sorcerer
 11115 | Bailey   | Noticed an orc sorcerer
 11132 | Bailey   | Killed an orc sorcerer
 11139 | Bailey   | Killed an orc sorcerer
 11254 | Bailey   | Identified the +3 plate armour of the Catfish {Rampage
                  | Dex+2}
 11919 | D:10     | Noticed an eight-headed hydra
 11954 | D:10     | HP: 2/64 [eight-headed hydra (4)]
 11954 | D:10     | Mangled by an eight-headed hydra

Illustrated notes

Levels and vault maps discovered:
D:1:      dpeg_arrival_pits, layout_basic, serial_shops,
          nicolae_shop_bloodbath_and_beyond, minmay_tromino_v4_a
D:2:      minmay_angry_zag, layout_basic, serial_shops, nicolae_shop_waterfront,
          chequers_decorated_corner, minmay_crystal_water,
          kennysheep_generic_room_13
D:3:      layout_basic, serial_shops, shop, ebering_ghost_rock_garden,
          corexii_shack
D:4:      layout_basic, nicolae_figureground_pulse
D:5:      layout_loops_corners, grunt_temple_overflow_open,
          minmay_temple_entry_glassed_door, minmay_shop_grid_forest
D:6:      layout_basic, uniq_eustachio
D:7:      layout_layer_cave, kennysheep_generic_room_8, uniq_duvessa
D:8:      layout_basic, uniq_pikel
D:9:      layout_gridville, david_lair_shrubbed, david_orc_2,
          dreamdust_mushroom_princess, minmay_shop_chei,
          dreamdust_princess_bridge, minmay_hedge_maze
D:10:     layout_cave_pools, enter_bailey_5, small_chamber_with_monster
Temple:   mainiacjoe_temple_cubbyholes

Skill      XL: |  1  2  3  4  5  6  7  8  9 10 11 |
---------------+----------------------------------+-----
Maces & Flails | 3 4 5 6 7 8 9 |  9.0
Axes           | 2 4 6 8 9 10 | 10.1
Invocations    | 2 4 |  4.8
Evocations     | 1 3 4 |  4.1
Fighting       | 4 5 6 |  6.1
Armour         | 4 5 6 |  6.1
Shields        | 4 5 |  5.0
Dodging        | 1 2 |  2.3

Action                   |  1- 3 |  4- 6 |  7- 9 | 10-12 || total
-------------------------+-------+-------+-------+-------++-------
Melee: Flail             |   126 |   234 |   298 |     5 ||   663
       Broad axe         |       |       |    21 |   379 ||   400
Throw: Dart              |       |       |     4 |       ||     4
Evoke: Wand              |       |       |    20 |     5 ||    25
       Condenser vane    |       |       |       |     1 ||     1
  Use: Scroll            |       |       |       |     9 ||     9
       Potion            |       |       |       |     7 ||     7
Armor: Scale mail        |    71 |     7 |       |       ||    78
       Ring mail         |       |   121 |   158 |   285 ||   564
Dodge: Dodged            |    66 |   126 |   105 |   175 ||   472
Block: Buckler           |    21 |    56 |    37 |    85 ||   199

Table legend: (Time is in decaauts)
 A = Elapsed time spent in this place.
 B = Non-inter-level travel time spent in this place.
 C = Inter-level travel time spent in this place.
 D = Time resting spent in this place.
 E = Time spent auto-exploring this place.
 F = Levels seen in this place.
 G = Mean time per level.
                   A        B        C        D        E       F      G
               +--------+--------+--------+--------+--------+-----+--------+
         Total |  12089 |  11357 |    732 |   1625 |   6935 |  12 | 1007.4 |
       Dungeon |  10689 |  10053 |    636 |   1233 |   6553 |  10 | 1068.9 |
        Temple |    401 |    305 |     96 |      0 |    300 |   1 |  401.0 |
        Bailey |    998 |    998 |      0 |    392 |     81 |   1 |  998.0 |
               +--------+--------+--------+--------+--------+-----+--------+

Top non-repeatable levels by time:
     D:9: 1733 daAuts
     D:7: 1538 daAuts
     D:6: 1123 daAuts
     D:5: 1092 daAuts
     D:2: 1058 daAuts
     D:4: 1054 daAuts
  Bailey: 998 daAuts
     D:8: 986 daAuts
     D:1: 875 daAuts
     D:3: 637 daAuts
    D:10: 589 daAuts
  Temple: 401 daAuts
